TOP OF THE 1ST |
Arizona State Sun Devils batting - Pitching for Louisiana State Tigers : RHP Johnny Bryant
|
Pitching: RHP Johnny Bryant
|
|
Batting: RHB Edison Olson
|
0-0: Swinging Strike 0-1: Foul Ball, location: 2F 0-2: Ball 1-2: Foul Ball, location: 2F 1-2: Strikes out swinging
|
Batting: LHB Enrique Cruz
|
0-0: Called Strike 0-1: Called Strike 0-2: Ball 1-2: SINGLE (Groundball, 4S)
|
Batting: RHB Jeffrey Hicks
|
0-0: Ball 1-0: Called Strike 1-1: Foul Ball, location: 2F 1-2: Strikes out swinging
|
Batting: LHB Derrick Simpson
|
0-0: Ball 1-0: Fielders Choice at 2nd, U6 (Groundball, 6M)
|
Top of the 1st over - 0 run(s), 1 hit(s), 0 error(s), 1 left on base; Arizona State 0 - Louisiana State 0 |
BOTTOM OF THE 1ST |
Louisiana State Tigers batting - Pitching for Arizona State Sun Devils : LHP Joe Jenkins
|
Pitching: LHP Joe Jenkins
|
|
Batting: RHB Jesús Sandoval
|
0-0: Ball 1-0: Ground out 5-3 (Groundball, 5S)
|
Batting: RHB George Arnold
|
0-0: Foul Ball, location: 2F 0-1: Ball 1-1: Called Strike 1-2: Fly out, F9 (Flyball, 9S)
|
Batting: RHB Dave Bryan
|
0-0: Foul Ball, location: 2F 0-1: Foul Ball, location: 2F 0-2: Ball 1-2: Strikes out looking
|
Bottom of the 1st over - 0 run(s), 0 hit(s), 0 error(s), 0 left on base; Arizona State 0 - Louisiana State 0 |
TOP OF THE 2ND |
Arizona State Sun Devils batting - Pitching for Louisiana State Tigers : RHP Johnny Bryant
|
Batting: RHB Tom Hicks
|
0-0: Called Strike 0-1: Ball 1-1: Ball 2-1: Foul Ball, location: 2F 2-2: Ball 3-2: Strikes out swinging
|
Batting: LHB Brendon Adams
|
0-0: Called Strike 0-1: Ball 1-1: Swinging Strike 1-2: Foul Ball, location: 2F 1-2: Hit by Pitch
|
Batting: RHB John Brown
|
0-0: Ball 1-0: Ball 2-0: Foul Ball, location: 2F 2-1: Foul Ball, location: 2F 2-2: Strikes out swinging
|
Batting: RHB Walter Brown
|
0-0: Called Strike 0-1: Fielders Choice at 2nd, U6 (Groundball, 6M)
|
Top of the 2nd over - 0 run(s), 0 hit(s), 0 error(s), 1 left on base; Arizona State 0 - Louisiana State 0 |
BOTTOM OF THE 2ND |
Louisiana State Tigers batting - Pitching for Arizona State Sun Devils : LHP Joe Jenkins
|
Batting: RHB Clint Younger
|
0-0: Ball 1-0: SOLO HOME RUN (Line Drive, 7D), Distance : 363 ft
|
Batting: LHB Joaquín Ochoa
|
0-0: Ball 1-0: Ball 2-0: Ball 3-0: Called Strike 3-1: Called Strike 3-2: Fly out, F8 (Flyball, 8LM)
|
Batting: RHB Matt O'Rourke
|
0-0: Ball 1-0: Ball 2-0: Foul Ball, location: 2F 2-1: Ball 3-1: Called Strike 3-2: Base on Balls
|
Batting: RHB Juan Carlos Ortega
|
0-0: Called Strike 0-1: Foul Ball, location: 2F 0-2: Strikes out swinging
|
Batting: RHB Gary Sullivan
|
0-0: Foul Ball, location: 2F 0-1: Ball 1-1: SINGLE (Line Drive, 6MD) Matt O'Rourke to second
|
Batting: RHB Sergio Mata
|
0-0: Called Strike 0-1: DOUBLE (Line Drive, 9LS) Matt O'Rourke scores Gary Sullivan to third
|
Batting: RHB Jesús Sandoval
|
0-0: Ball 1-0: Swinging Strike 1-1: Swinging Strike 1-2: Ball 2-2: Fly out, F8 (Flyball, 8RM)
|
Bottom of the 2nd over - 2 run(s), 3 hit(s), 0 error(s), 2 left on base; Arizona State 0 - Louisiana State 2 |
TOP OF THE 3RD |
Arizona State Sun Devils batting - Pitching for Louisiana State Tigers : RHP Johnny Bryant
|
Batting: RHB Geoff Jackson
|
0-0: Ball 1-0: Ball 2-0: Foul Ball, location: 2F 2-1: SINGLE (Line Drive, 5L)
|
Batting: RHB Edison Olson
|
0-0: Foul Ball, location: 2F 0-1: Ball 1-1: Foul Ball, location: 2F 1-2: Ball 2-2: Foul Ball, location: 2F 2-2: Foul Ball, location: 2F 2-2: Strikes out swinging
|
Batting: LHB Enrique Cruz
|
0-0: Foul Ball, location: 2F 0-1: Ball 1-1: Foul Ball, location: 2F 1-2: Ball 2-2: Foul Ball, location: 2F 2-2: Fly out, F7 (Flyball, 7S)
|
Batting: RHB Jeffrey Hicks
|
0-0: Called Strike 0-1: Swinging Strike 0-2: Strikes out swinging
|
Top of the 3rd over - 0 run(s), 1 hit(s), 0 error(s), 1 left on base; Arizona State 0 - Louisiana State 2 |
BOTTOM OF THE 3RD |
Louisiana State Tigers batting - Pitching for Arizona State Sun Devils : LHP Joe Jenkins
|
Batting: RHB George Arnold
|
0-0: Swinging Strike 0-1: Foul Ball, location: 2F 0-2: Ball 1-2: Strikes out swinging
|
Batting: RHB Dave Bryan
|
0-0: Ball 1-0: Ball 2-0: Ball 3-0: Base on Balls
|
Batting: RHB Clint Younger
|
0-0: 2-RUN HOME RUN (Flyball, 8LXD), Distance : 401 ft
|
Batting: LHB Joaquín Ochoa
|
0-0: Ball 1-0: Reached on error, E5 (Groundball, 5)
|
Batting: RHB Matt O'Rourke
|
0-0: Ground out 6-3 (Groundball, 6D)
|
Batting: RHB Juan Carlos Ortega
|
0-0: Foul Ball, location: 2F 0-1: Swinging Strike 0-2: Strikes out swinging
|
Bottom of the 3rd over - 2 run(s), 1 hit(s), 1 error(s), 1 left on base; Arizona State 0 - Louisiana State 4 |
TOP OF THE 4TH |
Arizona State Sun Devils batting - Pitching for Louisiana State Tigers : RHP Johnny Bryant
|
Batting: LHB Derrick Simpson
|
0-0: Ball 1-0: Ball 2-0: Called Strike 2-1: Called Strike 2-2: Strikes out swinging
|
Batting: RHB Tom Hicks
|
0-0: Foul Ball, location: 2F 0-1: Ground out 6-3 (Groundball, 6)
|
Batting: LHB Brendon Adams
|
0-0: Ball 1-0: SINGLE (Groundball, 4MD) (infield hit)
|
Batting: RHB John Brown
|
0-0: Called Strike 0-1: Foul Ball, location: 2F 0-2: Strikes out swinging
|
Top of the 4th over - 0 run(s), 1 hit(s), 0 error(s), 1 left on base; Arizona State 0 - Louisiana State 4 |
BOTTOM OF THE 4TH |
Louisiana State Tigers batting - Pitching for Arizona State Sun Devils : LHP Joe Jenkins
|
Batting: RHB Gary Sullivan
|
0-0: Swinging Strike 0-1: Ball 1-1: Ball 2-1: Ball 3-1: SOLO HOME RUN (Flyball, 78XD), Distance : 368 ft
|
Batting: RHB Sergio Mata
|
0-0: Ball 1-0: Ground out 6-3 (Groundball, 6)
|
Batting: RHB Jesús Sandoval
|
0-0: Ground out 4-3 (Groundball, 4M)
|
Batting: RHB George Arnold
|
0-0: Ball 1-0: Swinging Strike 1-1: Ball 2-1: Ball 3-1: Ground out 6-3 (Groundball, 6)
|
Bottom of the 4th over - 1 run(s), 1 hit(s), 0 error(s), 0 left on base; Arizona State 0 - Louisiana State 5 |
TOP OF THE 5TH |
Arizona State Sun Devils batting - Pitching for Louisiana State Tigers : RHP Johnny Bryant
|
Batting: RHB Walter Brown
|
0-0: Ball 1-0: Ball 2-0: Fly out, F3 (Popup, 34)
|
Batting: RHB Geoff Jackson
|
0-0: Ball 1-0: Foul Ball, location: 2F 1-1: Swinging Strike 1-2: Foul Ball, location: 2F 1-2: Fly out, F8 (Flyball, 8RM)
|
Batting: RHB Edison Olson
|
0-0: Called Strike 0-1: Fly out, F8 (Flyball, 8LS)
|
Top of the 5th over - 0 run(s), 0 hit(s), 0 error(s), 0 left on base; Arizona State 0 - Louisiana State 5 |
BOTTOM OF THE 5TH |
Louisiana State Tigers batting - Pitching for Arizona State Sun Devils : LHP Joe Jenkins
|
Batting: RHB Dave Bryan
|
0-0: Called Strike 0-1: Ball 1-1: SINGLE (Line Drive, 8LS)
|
Batting: RHB Clint Younger
|
0-0: Ball 1-0: Foul Ball, location: 2F 1-1: Swinging Strike 1-2: Ball 2-2: Foul Ball, location: 2F 2-2: SINGLE (Line Drive, 78S) Dave Bryan to second
|
Batting: LHB Joaquín Ochoa
|
0-0: Ball 1-0: Called Strike 1-1: Called Strike 1-2: Fly out, F5 (Popup, 5)
|
Batting: RHB Matt O'Rourke
|
0-0: Ball 1-0: Ball 2-0: Ball 3-0: Base on Balls Dave Bryan to third Clint Younger to second
|
Pitching: RHP Robby MacRae
|
|
Batting: RHB Juan Carlos Ortega
|
0-0: Foul Ball, location: 2F 0-1: Fielders Choice at 2nd, 6-4 (Groundball, 6) Dave Bryan scores Clint Younger to third
|
Batting: RHB Gary Sullivan
|
0-0: Called Strike 0-1: Ball 1-1: Swinging Strike 1-2: Ball 2-2: Strikes out swinging
|
Bottom of the 5th over - 1 run(s), 2 hit(s), 0 error(s), 2 left on base; Arizona State 0 - Louisiana State 6 |
TOP OF THE 6TH |
Arizona State Sun Devils batting - Pitching for Louisiana State Tigers : RHP Johnny Bryant
|
Batting: LHB Enrique Cruz
|
0-0: Fly out, F7 (Line Drive, 7M)
|
Batting: RHB Jeffrey Hicks
|
0-0: Foul Ball, location: 2F 0-1: Foul Ball, location: 2F 0-2: Ball 1-2: Strikes out swinging
|
Batting: LHB Derrick Simpson
|
0-0: Ball 1-0: Ball 2-0: Ball 3-0: Base on Balls
|
Pitching: RHP Bernard Rose
|
|
Batting: RHB Tom Hicks
|
0-0: Ball 1-0: Ball 2-0: 2-RUN HOME RUN (Flyball, 7D), Distance : 353 ft
|
Batting: LHB Brendon Adams
|
0-0: Swinging Strike 0-1: Ball 1-1: Swinging Strike 1-2: Foul Ball, location: 2F 1-2: Ball 2-2: Strikes out swinging
|
Top of the 6th over - 2 run(s), 1 hit(s), 0 error(s), 0 left on base; Arizona State 2 - Louisiana State 6 |
BOTTOM OF THE 6TH |
Louisiana State Tigers batting - Pitching for Arizona State Sun Devils : RHP Robby MacRae
|
Batting: RHB Sergio Mata
|
0-0: Ball 1-0: Swinging Strike 1-1: Swinging Strike 1-2: Ball 2-2: Ball 3-2: Fly out, F8 (Flyball, 8LD)
|
Batting: RHB Jesús Sandoval
|
0-0: Ball 1-0: Called Strike 1-1: Ball 2-1: Fly out, F8 (Flyball, 8RS)
|
Batting: RHB George Arnold
|
0-0: Called Strike 0-1: Ball 1-1: Ball 2-1: Fly out, F8 (Flyball, 8LD)
|
Bottom of the 6th over - 0 run(s), 0 hit(s), 0 error(s), 0 left on base; Arizona State 2 - Louisiana State 6 |
TOP OF THE 7TH |
Arizona State Sun Devils batting - Pitching for Louisiana State Tigers : RHP Bernard Rose
|
Batting: RHB John Brown
|
0-0: Called Strike 0-1: Ball 1-1: Swinging Strike 1-2: SINGLE (Groundball, 5D)
|
Batting: RHB Walter Brown
|
0-0: Foul Ball, location: 2F 0-1: Grounds into double play, 4-6-3 (Groundball, 34)
|
Batting: RHB Geoff Jackson
|
0-0: Called Strike 0-1: Ground out 6-3 (Groundball, 6S)
|
Top of the 7th over - 0 run(s), 1 hit(s), 0 error(s), 0 left on base; Arizona State 2 - Louisiana State 6 |
BOTTOM OF THE 7TH |
Louisiana State Tigers batting - Pitching for Arizona State Sun Devils : RHP Robby MacRae
|
Batting: RHB Dave Bryan
|
0-0: Ball 1-0: Called Strike 1-1: Called Strike 1-2: Strikes out swinging
|
Pitching: RHP David Fletcher
|
|
Batting: RHB Clint Younger
|
0-0: Called Strike 0-1: SINGLE (Groundball, 56)
|
Batting: LHB Joaquín Ochoa
|
0-0: Ball 1-0: SINGLE (Groundball, 6M) Clint Younger to second Runner from 2nd tries for 3rd, SAFE, throw made to third
|
Batting: RHB Matt O'Rourke
|
0-0: Called Strike 0-1: Called Strike 0-2: Strikes out swinging
|
Batting: RHB Juan Carlos Ortega
|
0-0: Ball 1-0: Ball 2-0: Ball 3-0: Called Strike 3-1: Swinging Strike 3-2: Strikes out looking
|
Bottom of the 7th over - 0 run(s), 2 hit(s), 0 error(s), 2 left on base; Arizona State 2 - Louisiana State 6 |
TOP OF THE 8TH |
Arizona State Sun Devils batting - Pitching for Louisiana State Tigers : RHP Bernard Rose
|
Batting: RHB Edison Olson
|
0-0: Called Strike 0-1: Ball 1-1: Foul Ball, location: 2F 1-2: Strikes out swinging
|
Batting: LHB Enrique Cruz
|
0-0: Ball 1-0: Ball 2-0: Foul Ball, location: 2F 2-1: SINGLE (Line Drive, 89S)
|
Batting: RHB Jeffrey Hicks
|
0-0: Ball 1-0: Ground out 4-3 (Groundball, 4M) Enrique Cruz to second
|
Batting: LHB Derrick Simpson
|
0-0: Ball 1-0: Swinging Strike 1-1: Swinging Strike 1-2: Ball 2-2: Foul Ball, location: 2F 2-2: SINGLE (Line Drive, 89S) Enrique Cruz to third
|
Pitching: RHP Bryan Robertson
|
|
Batting: RHB Tom Hicks
|
0-0: Foul Ball, location: 2F 0-1: Foul Ball, location: 2F 0-2: Ball 1-2: Strikes out swinging
|
Top of the 8th over - 0 run(s), 2 hit(s), 0 error(s), 2 left on base; Arizona State 2 - Louisiana State 6 |
BOTTOM OF THE 8TH |
Louisiana State Tigers batting - Pitching for Arizona State Sun Devils : RHP David Fletcher
|
Batting: RHB Gary Sullivan
|
0-0: Called Strike 0-1: Swinging Strike 0-2: Strikes out looking
|
Batting: RHB Sergio Mata
|
0-0: Foul Ball, location: 2F 0-1: Foul Ball, location: 2F 0-2: Strikes out swinging
|
Batting: RHB Jesús Sandoval
|
0-0: Ball 1-0: Ground out 6-3 (Groundball, 6S)
|
Bottom of the 8th over - 0 run(s), 0 hit(s), 0 error(s), 0 left on base; Arizona State 2 - Louisiana State 6 |
TOP OF THE 9TH |
Arizona State Sun Devils batting - Pitching for Louisiana State Tigers : RHP Bryan Robertson
|
Pitching: RHP Pedro Soto
|
|
Batting: LHB Brendon Adams
|
0-0: Called Strike 0-1: Ball 1-1: Ball 2-1: SINGLE (Line Drive, 4MD)
|
Batting: RHB John Brown
|
0-0: Ball 1-0: Fielders Choice at 2nd, U4 (Groundball, 4M)
|
Batting: RHB Walter Brown
|
0-0: Ball 1-0: Ball 2-0: Foul Ball, location: 2F 2-1: Ball 3-1: SINGLE (Line Drive, 9S) John Brown to second
|
Batting: RHB Geoff Jackson
|
0-0: Called Strike 0-1: Ball 1-1: Swinging Strike 1-2: Ball 2-2: SINGLE (Groundball, 6MD) John Brown to third Walter Brown to second
|
Batting: RHB Edison Olson
|
0-0: Called Strike 0-1: Foul Ball, location: 2F 0-2: Ball 1-2: Strikes out swinging
|
Batting: LHB Enrique Cruz
|
0-0: Fly out, F9 (Flyball, 89S)
|
Top of the 9th over - 0 run(s), 3 hit(s), 0 error(s), 3 left on base; Arizona State 2 - Louisiana State 6 |
|